 Dungeon Crawl Stone Soup version 0.30.0-29-ga12c61a403 (webtiles) character file.

Game seed: 15605319428204216417

90 Pass3 the Sneak (level 4, -4/24 HPs)
             Began as a Kobold Enchanter on June 11, 2023.
             Was an Initiate of Gozag.
             Slain by Natasha (5 damage)
             ... on level 3 of the Dungeon.
             The game lasted 00:17:13 (2467 turns).

Pass3 the Sneak (Kobold Enchanter)                  Turns: 2467, Time: 00:17:13

Health: -4/24      AC:  3    Str:  5    XL:     4   Next: 85%
Magic:  7/7        EV: 14    Int: 16    God:    Gozag
Gold:   230        SH:  9    Dex: 17    Spells: 7/7 levels left

rFire   . . .        a - +2 dagger
rCold   . . .        p - +0 buckler
rNeg    . . .        b - +1 robe
rPois   .            (no helmet)
rElec   .            (no cloak)
rCorr   .            (no gloves)
SInv    .            (no boots)
Will    .....        f - amulet of reflection
Stlth   ++++         (no ring)
HPRegen 0.24/turn    (no ring)
MPRegen 0.10/turn

%: reflection
@: slowed, invisible, very slow
A: small, no large weapons, nightstalker 3
a: Renounce Religion, Potion Petition, Call Merchant, Bribe Branch


You were on level 3 of the Dungeon.
You worshipped Gozag.
Gozag was aware of your devotion.
You visited 1 branch of the dungeon, and saw 3 of its levels.

You collected 252 gold pieces.
You paid 22 gold pieces to Gozag.

Inventory:

Hand Weapons
 a - a +2 dagger (weapon)
Missiles
 g - 5 atropa-tipped darts (quivered)
 m - 3 poisoned darts
Armour
 b - a +1 robe (worn)
 p - a +0 buckler (worn)
Jewellery
 f - an amulet of reflection (around neck)
Scrolls
 e - 2 scrolls of teleportation
 j - a scroll of identify
 n - 2 scrolls of enchant armour
 q - a scroll of magic mapping
Potions
 c - a potion of invisibility
 d - a potion of cancellation {unknown}
 h - 3 potions of brilliance
 i - 2 potions of curing {unknown}
 k - a potion of degeneration {unknown}
 l - 2 potions of magic
 o - a potion of might {unknown}


   Skills:
 * Level 3.8 Short Blades
 - Level 2.6 Dodging
 + Level 5.4 Stealth
 - Level 2.3 Spellcasting
 + Level 3.3 Hexes


You had 7 spell levels left.
You didn't know any spells.
Your spell library contained the following spells:

 Spells                   Type           Power      Damage    Failure   Level
 Ensorcelled Hibernation  Hex/Ice        14%        N/A       30%         2
 Confusing Touch          Hex            12%        N/A       30%         3
 Tukima's Dance           Hex            12%        N/A       30%         3
 Foxfire                  Conj/Fire      4%         2x1d4     36%         1
 Sandblast                Erth           2%         2d4       36%         1
 Passwall                 Tmut/Erth      0%         N/A       50%         2
 Dazzling Flash           Conj/Hex       14%        N/A       52%         3
 Gell's Gravitas          Tloc           1%         N/A       75%         3
 Stone Arrow              Conj/Erth      2%         3d7       75%         3
 Teleport Other           Tloc           1%         N/A       75%         3
 Fireball                 Conj/Fire      0%         3d3       100%        5
 Dispersal                Tloc           0%         N/A       100%        6
 Plasma Beam              Fire/Air       0%         2x1d11    100%        6
 Starburst                Conj/Fire      0%         6d3       100%        6


Dungeon Overview and Level Annotations

Branches:
Dungeon (3/15)

Altars:
Cheibriados
Gozag

Annotations:
D:3 Natasha


Innate Abilities, Weirdness & Mutations

You are small and have problems with some larger weapons.
You are completely attuned to the shadows.


Message History

Natasha is heavily wounded.
The cerulean imp closely misses you. x2; You block Natasha's attack.
You completely miss Natasha.
Natasha is heavily wounded.
The cerulean imp barely misses you. You block the cerulean imp's attack.
Natasha stares at you and mumbles some strange words.
You feel yourself slow down. The cerulean imp barely misses you.
Natasha mumbles some strange words.
The cerulean imp misses you.
The cerulean imp hits you from afar with a +1 spear.
You closely miss Natasha.
Natasha is heavily wounded.
Natasha closely misses you.
The cerulean imp hits you from afar with a +1 spear.
The cerulean imp closely misses you. You block the cerulean imp's attack.
Natasha stares at you and mumbles some strange words.
You feel as though you will be slow longer.
You closely miss Natasha.
Natasha is heavily wounded.
The cerulean imp hits you but does no damage.
The cerulean imp hits you from afar with a +1 spear.
The cerulean imp misses you. Natasha closely misses you.
The cerulean imp hits you from afar with a +1 spear.
You hit Natasha but do no damage.
Natasha is heavily wounded.
The cerulean imp completely misses you. You block the cerulean imp's attack.
Natasha stares at you and mumbles some strange words.
The magic dart hits you.
The cerulean imp hits you from afar with a +1 spear.
* * * LOW HITPOINT WARNING * * *
The cerulean imp hits you from afar with a +1 spear.
* * * LOW HITPOINT WARNING * * *
The cerulean imp misses you. Natasha barely misses you.
Okay, then.
You fade into invisibility!
The cerulean imp barely misses you. The cerulean imp misses you.
You block the cerulean imp's attack. Natasha claws you.
You die...
Your body crumbles into a pile of gold.

#. ####### +#.### #......
......##### #..####
.......#...##.#####..####
.......'...'.............
.......#@..#.........#...
.........h.'.........#...
#..#.##.555#......[#.....
.....##....##............
............+............
......#.#####...........#
..#...#.#....(...........
..#...#.#....<...........
#.....#......#..#......


You could see Natasha and 3 cerulean imps.

Vanquished Creatures
  Natasha (D:3)
  2 adders
  2 worms (D:2)
  4 dart slugs
  An orc (D:3)
  4 ball pythons
  An endoplasm (D:1)
  2 goblins
  4 hobgoblins
  7 bats
  3 frilled lizards
  2 kobolds (D:1)
  3 rats
36 creatures vanquished.

Notes
Turn   | Place    | Note
-------+----------+-------------------------------------------
     0 | D:1      | Pass3 the Kobold Enchanter began the quest for the Orb.
     0 | D:1      | Reached XP level 1. HP: 10/10 MP: 3/3
   258 | D:1      | Reached XP level 2. HP: 14/15 MP: 5/5
  1301 | D:2      | Reached XP level 3. HP: 19/19 MP: 6/6
  1432 | D:2      | Found an opulent altar of Gozag.
  1440 | D:2      | Became a worshipper of Gozag Ym Sagoz the Greedy
  1648 | D:2      | Reached skill level 5 in Stealth
  1793 | D:2      | Reached XP level 4. HP: 24/24 MP: 7/7
  1971 | D:3      | Found a snail-covered altar of Cheibriados.
  2427 | D:3      | Noticed Natasha
  2431 | D:3      | Killed Natasha
  2448 | D:3      | Noticed Natasha
  2466 | D:3      | HP: 1/24 [cerulean imp/+1 spear[Natasha] (4)]
  2467 | D:3      | Slain by Natasha

Illustrated notes

Levels and vault maps discovered:
D:1:      ldierk_walled_garden, layout_loops_corners, dk_noncrumbling_2
D:2:      layout_basic, basic_altar, grunt_decor_junction
D:3:      layout_basic, cheibriados_altar_1, serial_shops,
          nicolae_shop_hallway_plus, due_unseen_surprise, uniq_natasha

Skill      XL: |  1  2  3 |
---------------+----------+-----
Short Blades   | 2 3 |  3.8
Stealth        | 5 |  5.4
Dodging        | |  2.6
Spellcasting   | |  2.3
Hexes          | |  3.3

Action                     |  1- 3 |  4- 6 || total
---------------------------+-------+-------++-------
  Melee: Dagger            |    74 |    33 ||   107
    Use: Scroll            |     5 |     2 ||     7
         Potion            |       |     1 ||     1
   Stab: Sleeping          |    15 |     5 ||    20
 Armour: Robe              |     7 |     4 ||    11
  Dodge: Dodged            |    31 |    26 ||    57
  Block: Buckler           |       |    17 ||    17
